Kiddo, neutral female human Monk ------------------------ -.}}}}}}}....................... ($ ( ( (+.).31I3|.|.(....[|....| |.}}}}}}........................ -- - --- -)-|).[I.33.23353)(%[|....|-----}}}}}}}}.............------.... (|............[%3%141|D|332[[)[|....|...}}}}}}}.}}}}}.)}.......|....|.... |.#....... ---------D---------.----}}}}}}}.......}}}}........-.|^.|.... --| ! .R..A......^..|.}%}}}....}.....}}}}.........|....|.... ---------%-----------}}}}}}..0.....0...}}}}.......------.... ) " $+.2.1}}}})}}}}}}}}.}}}}}.}}}}...}.......}}}}}............... |31.1}}.....}}}}}}}}}}.....}}}}..}.0..}}}}}}}}}............. ( ( ( (|.32)}.}.).}...}}}}}}}........}}}}.}}}}}}}.}}}}}}}......}}}} |...#}}......}}}}-------|-------}}}}}}}-------}}}.}}}}}}}}}} |----}}}}...}}..}| .........|.....}}-.......|}}|}}}}}}}}}}} -+-------}}}}}}}}}}}.....|--------.|.| |.--}}})|.---.}}---}}}}}}}}}} / |..#...}}}..........}....|.........|.| |...|}|.|...|.|...|...}}}}}}} -+-- -- ----}}}}...---------}---------------.|----.-------.|.|--.|----}}.}}. |.?#}....}}}}}}....|...|...|.....|...|...|...|...........|.|.|...|...}}..... -----}}}}}}}...}}...|.--|.|.|...---.|.|.|.|.---.---------.|.|.|.---.|.|...... |}}}}}}}}}}}........-.........|.|...|.|.|...|$..|.. |.|.|.|.....|.-...... |}}}}}}}}..}}.......|.|.|.|.|.|.|.--|.|.-------.|.-------.|.|.-------.|...... |}}}}}}.............|.|...|...|.....|..0...*..<.|/..........|.........|...... |}}}}...............---------------------------------------------------...... Kiddo the Student of Waters Experience level: 14 Strength: 18/08 Dexterity: 18 Constitution: 18 Intelligence: 8 Wisdom: 12 Charisma: 14 Health: 0(46) Energy: 92(92) AC: -23 Gold: 486 Moves: 36808 Your Inventory: Coins $ - 486 gold pieces Amulets b - a blessed amulet of unchanging (being worn) A - an uncursed amulet of ESP Weapons F - 12 blessed rustproof +7 shuriken of fire (in quiver) Armor q - a blessed +0 elven leather helm (being worn) y - an uncursed +0 set of electric dragon scales (being worn) G - an uncursed greased +3 small shield of reflection (being worn) I - an [uncursed +0] elven leather helm J - an uncursed burnt +0 pair of leather gloves (being worn) Q - a blessed fireproof +4 cloak of magic resistance (being worn) S - a blessed +1 T-shirt (being worn) Z - a blessed fireproof +1 pair of speed boots (being worn) Comestibles j - an uncursed lizard corpse Scrolls M - a blessed scroll of stinking cloud U - an uncursed unlabeled scroll [of blank paper] W - a cursed scroll of magic mapping Potions a - 2 uncursed potions of object detection i - an uncursed potion of invisibility n - a blessed potion of monster detection T - 2 [uncursed] potions of healing V - a blessed potion called Water [of holy water] Rings u - a blessed ring of free action (on right hand) w - an uncursed ring of polymorph C - a cursed ring of polymorph control K - a blessed ring of slow digestion X - a blessed ring of levitation Wands c - an uncursed wand of fire (0:1) e - an uncursed wand of magic missile [0:0] m - an [uncursed] wand of cold [0:4] t - an uncursed wand of teleportation [0:2] z - an uncursed very rusty wand of cancellation (0:1) D - an [uncursed] wand of magic missile (0:0) E - an [uncursed] wand of digging [0:5] H - an [uncursed] wand of striking [0:5] N - an [uncursed] wand of create monster [0:11] O - an uncursed thoroughly rusty wand of cold [0:7] P - an [uncursed] wand of create monster [0:11] R - an uncursed wand of digging [0:4] Tools d - an uncursed stethoscope g - a blessed [+0] unicorn horn k - an uncursed very rusty key [skeleton key] l - 10 [uncursed] partly used [wax] candles o - an uncursed magic whistle p - an uncursed [wooden] harp called Magic r - a cursed looking glass [mirror] s - an uncursed [+0] pick-axe v - an uncursed [+0] unicorn horn x - a blessed sack B - an [uncursed] fire horn [0:4] L - a blessed towel Gems Y - a blessed luckstone Contents of the sack: 889 gold pieces a [blessed +2 thirsty] curved sword [scimitar] an [uncursed +0] elven leather helm an [uncursed +0] pair of buckled boots [levitation] 2 [uncursed] tripe rations an [uncursed] scroll of create monster an [uncursed] scroll of enchant armor an [uncursed] scroll of food detection an [uncursed] scroll of identify a [cursed] scroll of identify a [blessed] scroll of taming an [uncursed] black spellbook [of detect food] an [uncursed] dark spellbook [of confuse monster] a [blessed] potion of healing an [uncursed] mithril ring [of sustain ability] an [uncursed] ridged ring [of regeneration] an [uncursed] wand of create monster [0:13] Spells known in the end: Name Level Category Fail Memory a - sleep 1* enchantment 53% [........] b - light 1* divination 53% [........] c - force bolt 1* attack 53% [........] d - jumping 1* escape 53% [........] e - restore ability 4* healing 91% [........] f - healing 1* healing 40% [........] g - create monster 2* clerical 62% [........] h - magic mapping 5* divination 100% [........] i - remove curse 3* clerical 100% [........] Your skills at the end: Fighting Skills martial arts [Grand Master / Grand Master] Weapon Skills shuriken [Skilled / Expert] Spellcasting Skills healing spells [Basic / Expert] divination spells [Basic / Basic] Final Attributes: You were piously aligned. Hunger level was 306. Your alignment was 194 / 194. Monster difficulty range was 4 - 21. Level difficulty was 29. You were immune to fire. You were immune to cold. You were immune to sleep. You were immune to electricity. You were immune to poison. You were magic-protected. You saw invisible. You were warned. You had automatic searching. You had infravision. You were invisible to others. You were stealthy. You were protected. You were polymorphed into an Aleax (673). You could not change from your current form. You were very fast. You had reflection. You had free action. You were very lucky (7). You had extra luck. Good luck did not time out for you. You are dead. Vanquished creatures: Medusa Croesus a kraken a purple worm a draken a leviathan 2 wyverns 3 sarkanies 3 sirrushes an amphitere 2 baluchitheria 2 stone golems 2 titanotheres a trapper a baby leviathan a guardian naga a vampire lord 4 captains a lich a nurse a nalfeshnee Aphrodite a lurker above 2 Aleaxes 3 frost giants a golden naga 7 lieutenants 8 ghosts 2 locusts 2 winged gargoyles a mind flayer 2 giant mimics 3 zruties 2 fire giants 3 ogre kings 9 ice trolls 10 rock trolls an umber hulk 2 flesh golems a doppelganger 4 large mimics a wumpus 6 long worms 6 couatls 11 stalkers a fire elemental 29 earth elementals 3 water elementals a hill giant a giant mummy 4 black nagas 31 xorns 4 giant zombies 4 elf-lords 33 sergeants a warg 2 winter wolves 13 small mimics a glass piercer 2 rodents of unusual size a warhorse 3 xans an ettin mummy an ogre lord 4 quantum mechanics 26 trolls a sasquatch a wood golem 2 gelatinous cubes a large dog 3 freezing spheres a flaming sphere a shocking sphere a large cat 8 tigers 3 gargoyles a tengu 2 leocrottas 5 mountain centaurs a stone giant an elf mummy a human mummy 8 pit vipers 5 pythons 4 cobras 5 wraiths 4 ettin zombies a leather golem 3 Grey-elves 120 soldiers 2 succubi an incubus 4 chameleons 3 crocodiles 6 giant beetles 2 quivering blobs 3 cockatrices 6 wolves 4 winter wolf cubs a lynx 2 panthers 5 gremlins a spotted jelly 35 leprechauns 11 orc-captains 2 iron piercers 2 mumakil 12 giant spiders 4 scorpions a horse 2 ice vortices 3 black lights 5 vampire bats 2 forest centaurs 4 gnome kings 3 orc mummies 2 dwarf mummies 4 ogres 3 brown puddings 5 rust monsters 3 owlbears 3 yetis 4 gold golems a werewolf 8 Green-elves 5 giant eels 8 lizards 4 abbots 3 chickatrices a dog a dingo 4 housecats 2 jaguars 7 dwarf lords 3 blue jellies 4 white unicorns 3 black unicorns 5 dust vortices 4 ravens 6 plains centaurs 4 gnome mummies 8 snakes 2 apes 12 human zombies 3 rope golems 13 Woodland-elves 10 soldier ants 4 fire ants a snow ant 17 bugbears 2 imps a quasit 10 wood nymphs 5 water nymphs 4 mountain nymphs 15 Mordor orcs 22 Uruk-hai 8 orc shamans 3 rock piercers 12 enormous rats 3 rock moles 3 fog clouds 5 yellow lights 9 shriekers 3 violet fungi 25 gnome lords 9 gnomish wizards 4 kobold mummies 2 black naga hatchlings a golden naga hatchling 2 gray oozes 6 elf zombies 2 straw golems 3 paper golems 4 wax golems a jellyfish 4 baby crocodiles 6 giant ants 2 little dogs 5 floating eyes 25 dwarves 2 homunculi 7 kobold lords 29 hill orcs 18 rothes 5 rabid rats 4 centipedes 3 giant bats 2 monkeys 6 orc zombies 2 dwarf zombies 4 werejackals 4 muggers 11 iguanas 14 killer bees 7 acid blobs 3 coyotes 7 gas spores 6 hobbits 25 manes 2 large kobolds 46 hobgoblins 5 giant rats 17 cave spiders 3 brown molds 3 yellow molds 3 green molds 2 red molds 94 gnomes 3 garter snakes 8 gnome zombies 7 geckos 17 jackals 2 foxes 2 kobolds 29 goblins 3 sewer rats 7 grid bugs a bat 8 lichens 3 kobold zombies 3 newts 1396 creatures vanquished. Genocided or extinct species: soldiers (extinct) 1 species extinct. Voluntary challenges: You were vegetarian. You used a wielded weapon 34 times. You read items or engraved 74 times. You put on armor 108 times. You never genocided any monsters. You never polymorphed an object. You changed form 5 times. You used no wishes. You wrote Elbereth's name 3 times. You encountered 1 bones level. You never used any Sokoban shortcuts. Dungeon overview: The Dungeons of Doom: levels 1 to 29 Level 1 a long staircase Level 2 a general store, a fountain stairs to The Gnomish Mines Level 3 a general store, some fountains Level 5 many fountains Level 6 a general store, a sink stairs to Sokoban Level 7 a delicatessen, a sink stairs to Town Level 8 a sink Level 10 some fountains Level 11 an altar to Chih Sung-tzu, a fountain portal to Fort Ludios Level 12 a fountain portal to The Quest Level 13 a fountain Level 14 a throne Level 15 an altar to Chih Sung-tzu, some fountains Level 19 a fountain Level 20 a general store, some fountains Level 21 some fountains, a sink portal to One-eyed Sam's Market Level 23 a temple to Chih Sung-tzu Level 24 a fountain, a throne Level 25 some fountains, many trees Level 29 <- You were here The Gnomish Mines: levels 3 to 11 Level 3 stairs to The Dungeons of Doom Level 6 many shops, a temple, a magic chest, some fountains The Quest: levels 1 to 5 Level 1 a temple, a magic chest portal to The Dungeons of Doom Sokoban: levels 3 to 5 Level 5 a magic chest stairs to The Dungeons of Doom Town: levels 4 to 6 Level 4 many shops, some fountains, a sink Level 5 many fountains, many trees Level 6 stairs to The Dungeons of Doom Fort Ludios: Level 1 a magic chest, a throne portal to The Dungeons of Doom One-eyed Sam's Market: Level 1 portal to The Dungeons of Doom History has recorded: On T:1 you entered the Dungeons of Doom to retrieve the Amulet of Yendor! On T:128 you reached level 2 of The Dungeons of Doom. On T:255 you advanced to experience level 2. On T:286 you reached level 3 of The Dungeons of Doom. On T:501 you reached level 1 of The Gnomish Mines. On T:560 you advanced to experience level 3. On T:890 you advanced to experience level 4. On T:906 you reached level 4 of The Dungeons of Doom. On T:1108 you advanced to experience level 5. On T:1136 you reached level 5 of The Dungeons of Doom. On T:1417 you reached level 6 of The Dungeons of Doom. On T:1431 you advanced to experience level 6. On T:1953 you reached level 2 of The Gnomish Mines. On T:2079 you advanced to experience level 7. On T:2170 you reached level 3 of The Gnomish Mines. On T:2232 you reached level 4 of The Gnomish Mines. On T:2492 you advanced to experience level 8. On T:3033 you advanced to experience level 9. On T:4739 you reached level 3 of Sokoban. On T:4757 you reached level 7 of The Dungeons of Doom. On T:5689 you reached level 2 of Sokoban. On T:6292 you reached level 1 of Sokoban. On T:7362 you advanced to experience level 10. On T:7767 you reached level 5 of The Gnomish Mines. On T:7783 you reached level 6 of The Gnomish Mines. On T:7905 you reached level 7 of The Gnomish Mines. On T:8509 you reached level 8 of The Gnomish Mines. On T:9028 you reached level 9 of The Gnomish Mines. On T:10711 you reached level 8 of The Dungeons of Doom. On T:10810 you reached level 3 of Town. On T:11060 you reached level 9 of The Dungeons of Doom. On T:11979 you reached level 10 of The Dungeons of Doom. On T:12464 you reached level 11 of The Dungeons of Doom. On T:12687 you reached level 2 of Town. On T:12816 you killed Aphrodite on level 2 of Town. On T:12893 you reached level 1 of Town. On T:13321 you advanced to experience level 11. On T:14919 you reached level 12 of The Dungeons of Doom. On T:16432 you reached Fort Knox. On T:17097 you reached level 13 of The Dungeons of Doom. On T:17124 you reached level 1 of The Quest. On T:17231 you embarked upon an epic quest. On T:17388 you reached level 2 of The Quest. On T:17535 you reached level 3 of The Quest. On T:17878 you advanced to experience level 11. On T:18263 you reached level 4 of The Quest. On T:18445 you reached level 5 of The Quest. On T:19055 you reached level 14 of The Dungeons of Doom. On T:19460 you reached level 15 of The Dungeons of Doom. On T:19535 you reached level 16 of The Dungeons of Doom. On T:19760 you reached level 17 of The Dungeons of Doom. On T:19804 you advanced to experience level 12. On T:21138 you advanced to experience level 13. On T:23691 you reached level 18 of The Dungeons of Doom. On T:23997 you reached level 19 of The Dungeons of Doom. On T:24168 you reached level 20 of The Dungeons of Doom. On T:25232 you reached level 21 of The Dungeons of Doom. On T:26870 you reached level 1 of One-eyed Sam's Market. On T:26994 you reached level 22 of The Dungeons of Doom. On T:27283 you reached level 23 of The Dungeons of Doom. On T:28900 you reached level 24 of The Dungeons of Doom. On T:29183 you reached level 25 of The Dungeons of Doom. On T:29301 you advanced to experience level 14. On T:35814 you killed Medusa on level 25 of The Dungeons of Doom. On T:35816 you reached level 26 of The Dungeons of Doom. On T:36072 you reached level 27 of The Dungeons of Doom. On T:36204 you reached The Castle. On T:36421 you reached level 28 of The Dungeons of Doom. Latest messages: The bolt of cold hits it. The bolt of cold hits the disenchanter! The fire giant swings his elven broadsword. The fire giant hits! [HP-16=16] T - 2 potions of healing. You hear a crunching sound. You hit the wraith! (2x) You kick the wraith. The wraith misses. You hit the wraith! You destroy the wraith! The gold dragon bites! Final status: Punardarsanaya Kiddo the Monk... You died in The Dungeons of Doom on dungeon level 29 with 74568 points, and 1375 pieces of gold, after 36808 moves. You were level 14 with a maximum of 86 hit points when you died.